 Dungeon Crawl Stone Soup version 0.26-a0-812-g31a745ddcd (webtiles) character file.

Game seed: 561478619485233675

156 dmks the Insei (level 5, -4/35 HPs)
             Began as an Octopode Transmuter on Nov 13, 2020.
             Slain by an orc
             ... wielding a +0 dagger
              (5 damage)
             ... on level 5 of the Dungeon.
             The game lasted 00:10:04 (3573 turns).

dmks the Insei (Octopode Transmuter)                Turns: 3573, Time: 00:10:04

Health: -4/35      AC:  1    Str:  9    XL:     5   Next: 37%
Magic:  8/8        EV: 14    Int: 16    God:
Gold:   177        SH:  0    Dex: 13    Spells: 4/8 levels left

rFire    . . .     SeeInvis .     - Unarmed
rCold    . . .     Faith    .   (no shield)
rNeg     . . .     Spirit   .   (helmet restricted)
rPois    .         Reflect  .   (no amulet)
rElec    .         Harm     .   (no ring)
rCorr    .         Rampage  .   (no ring)
MR       .....                  (no ring)
Stlth    +++.......             (no ring)
HPRegen  0.11/turn              (no ring)
MPRegen  0.11/turn              (no ring)
                                (no ring)
                                (no ring)

@: mighty
A: almost no armour, stealthy swim, amphibious, 8 rings, constrict 8, camouflage
1, gelatinous body 1
a: no special abilities


You were on level 5 of the Dungeon.
You visited 1 branch of the dungeon, and saw 5 of its levels.

You collected 177 gold pieces.

Inventory:

Scrolls
 b - 4 scrolls of teleportation {@r4}
 c - 3 scrolls of remove curse {@r2}
 g - 2 scrolls of immolation {!r}
 n - 2 scrolls of identify {@r1}
Potions
 d - a potion of heal wounds {unknown}
 e - 3 potions of degeneration {!q}
 f - 2 potions of curing {unknown}
 i - 2 potions of cancellation {unknown}
 j - a potion of flight {unknown}
 l - 3 potions of might
 m - a potion of haste {unknown}


   Skills:
 + Level 2.3 Fighting
 + Level 3.1 Dodging
 + Level 1.0 Stealth
 * Level 4.6 Unarmed Combat
 - Level 2.0 Spellcasting
 - Level 2.0 Transmutations
 + Level 0.6 Poison Magic


You had 4 spell levels left.
You knew the following spells:

 Your Spells              Type           Power        Failure   Level
a - Beastly Appendage     Tmut           #.....       9%          1
x - Spider Form           Tmut/Pois      #.........   36%         3

Your spell library contained the following spells:

 Spells                   Type           Power        Failure   Level
 Wereblood                Tmut           #.......     14%         2
 Animate Skeleton         Necr           #.....       21%         1
 Apportation              Tloc           #.....       21%         1
 Corona                   Hex            #......      21%         1
 Summon Small Mammal      Summ           #...         21%         1
 Ice Form                 Ice/Tmut       #.......     80%         4
 Blade Hands              Tmut           #.........   94%         5


Dungeon Overview and Level Annotations

Branches:
Dungeon (5/15)
 Temple: D:4-7

Altars:
Ashenzari


Innate Abilities, Weirdness & Mutations

You cannot wear most types of armour.
You are very stealthy in the water. (Stealth+)
You are amphibious.
You can wear up to eight rings at the same time.
You can use your tentacles to constrict eight enemies at once.
Your skin changes colour to match your surroundings (Stealth+).
Your rubbery body absorbs attacks. (AC +1, EV +1)


Message History

You constrict the hound. The hound misses you.
You barely miss the hound.
You pierce the hound.
You squeeze the hound. You constrict the hound.
You kill the hound!
The adder closely misses you. The adder misses you.
You tentacle-slap the adder. You grab the adder. You constrict the adder.
The adder barely misses you.
You tentacle-slap the adder. You constrict the adder.
You kill the adder!
Your Stealth skill increases to level 1!
Your transformation is almost over.
You pick up a book of Cantrips and begin reading...
You add the spells Corona, Animate Skeleton, Summon Small Mammal and Apportation to your library.
Your tentacle spike disappears.
You see here an adder corpse.
An orc comes into view. It is wielding a +0 dagger.
An orc comes into view. It is wielding a +3 whip.
The orc shouts! x2; You hear a shout!
An orc comes into view. It is wielding a +0 club.
An orc priest comes into view. It is wielding a +0 dagger.
The orc priest shouts!
The orc priest looks satisfied for a moment.
An orc comes into view. It is wielding a +0 flail.
An orc comes into view. It is wielding a +0 short sword.
Found 2 scrolls of immolation.
The orc shouts! x2; You hear a shout!
The teleport trap disappears.
The orc disappears!
An orc wizard comes into view. It is wielding a +0 dagger.
Found a stone staircase leading down.
The orc hits you with a +0 short sword. The orc hits you with a +0 short sword.
An orc comes into view. It is wielding a +0 trident.
An orc comes into view. It is wielding a +0 club.
There is a stone staircase leading down here.
The orc shouts! x2
The orc hits you with a +0 dagger. The orc hits you with a +0 short sword.
* * * LOW HITPOINT WARNING * * *
The orc hits you with a +3 whip!
* * * LOW HITPOINT WARNING * * *
The orc wizard hits you with a +0 dagger.
* * * LOW HITPOINT WARNING * * *
You climb downwards.
Found a mace.
Found a broken altar of Ashenzari.
There is a stone staircase leading up here.
It was a potion of might.
You feel very mighty all of a sudden. The orc hits you with a +0 short sword.
* * * LOW HITPOINT WARNING * * *
The orc hits you with a +0 dagger.
You die...

.# ### ..#
... ..
#.... #.#.
.._
##o#####.#
#.o@o....#
###o######
..# ####


You could see an orc wizard and 3 orcs.

Vanquished Creatures
  A hound (D:4)
  Jessica (D:3)
  3 adders
  A worm (D:2)
  A leopard gecko (D:3)
  4 orcs (D:3)
  3 giant cockroaches
  11 goblins
  7 hobgoblins
  8 jackals
  2 quokkas
  9 bats
  A frilled lizard (D:1)
  6 kobolds
  8 rats
66 creatures vanquished.

Notes
Turn   | Place    | Note
-------+----------+-------------------------------------------
     0 | D:1      | dmks the Octopode Transmuter began the quest for the Orb.
     0 | D:1      | Reached XP level 1. HP: 13/13 MP: 3/3
   454 | D:1      | Reached XP level 2. HP: 16/18 MP: 3/5
   971 | D:1      | Reached XP level 3. HP: 23/23 MP: 6/6
  1881 | D:2      | Reached skill level 4 in Unarmed Combat
  1883 | D:2      | Reached XP level 4. HP: 20/29 MP: 7/7
  2267 | D:2      | Found a faded altar of an unknown god.
  2827 | D:3      | Noticed Jessica
  2834 | D:3      | Killed Jessica
  2865 | D:3      | Learned a level 3 spell: Spider Form
  3124 | D:3      | Reached XP level 5. HP: 22/34 MP: 6/8
  3539 | D:4      | Reached skill level 1 in Stealth
  3572 | D:5      | Entered Level 5 of the Dungeon
  3572 | D:5      | Found a broken altar of Ashenzari.
  3573 | D:5      | HP: 1/35 [orc/+0 short sword (5)]
  3573 | D:5      | Slain by an orc

Illustrated notes

Levels and vault maps discovered:
D:1:      dpeg_arrival_pits, layout_basic, chequers_mini_garden,
          minmay_misc_feat_enclosed
D:2:      layout_basic, chequers_ecumenical_altar_twisty, lemuel_old_faithful
D:3:      layout_basic, grunt_ministairs_10, chequers_jeans, minivault_14,
          minivault_14, uniq_jessica
D:4:      layout_basic, lemuel_doored_altar
D:5:      layout_loops_corners, yredelemnul_forgotten_temple_becter,
          kiku_gazebo_garden_becter, lemuel_crystal_altar,
          gammafunk_temple_overflow_claw

Skill      XL: |  1  2  3  4  5 |
---------------+----------------+-----
Unarmed Combat | 4 |  4.6
Fighting       | 2 |  2.3
Dodging        | 3 |  3.1
Stealth        | 1 |  1.0
Spellcasting   | |  2.0
Transmutations | |  2.0
Poison Magic   | |  0.6

Action                   |  1- 3 |  4- 6 || total
-------------------------+-------+-------++-------
Melee: Unarmed           |    90 |    52 ||   142
       Tentacles         |    12 |    10 ||    22
       Constrict         |    26 |    15 ||    41
       Kick              |     9 |    14 ||    23
       Punch             |     2 |     1 ||     3
 Cast: Beastly Appendage |    13 |     8 ||    21
  Use: Scroll            |     1 |     6 ||     7
       Potion            |       |     1 ||     1
 Stab: Sleeping          |     4 |     1 ||     5
Armor: Skin              |    14 |     5 ||    19
Dodge: Dodged            |    74 |    48 ||   122

Table legend: (Time is in decaauts)
 A = Elapsed time spent in this place.
 B = Non-inter-level travel time spent in this place.
 C = Inter-level travel time spent in this place.
 D = Time resting spent in this place.
 E = Time spent auto-exploring this place.
 F = Levels seen in this place.
 G = Mean time per level.
                   A        B        C        D        E       F      G
               +--------+--------+--------+--------+--------+-----+--------+
         Total |   3562 |   3478 |     84 |    990 |   2037 |   5 |  712.4 |
       Dungeon |   3562 |   3478 |     84 |    990 |   2037 |   5 |  712.4 |
               +--------+--------+--------+--------+--------+-----+--------+

Top non-repeatable levels by time:
     D:1: 1309 daAuts
     D:2: 1078 daAuts
     D:3: 1039 daAuts
     D:4: 134 daAuts
     D:5: 0 daAuts
